 Dungeon Crawl Stone Soup version 0.29.1-2-gbd0b4ee654 (webtiles) character file.

Game seed: 13332334524014477651

94 kyanize the Slasher (level 4, 0/41 HPs)
             Began as a Minotaur Berserker on Nov 12, 2022.
             Was a Believer of Trog.
             Frozen to death by an endoplasm (3 damage)
             ... on level 2 of the Dungeon.
             The game lasted 00:04:09 (1197 turns).

kyanize the Slasher (Minotaur Berserker)            Turns: 1197, Time: 00:04:10

Health: 0/41       AC:  3    Str: 24    XL:     4   Next: 38%
Magic:  3/3        EV: 12    Int:  4    God:    Trog [**....]
Gold:   91         SH:  0    Dex:  9    Spells: 3/3 levels left

rFire   . . .      SeeInvis .   a - +0 falchion
rCold   . . .      Faith    .   (no shield)
rNeg    . . .      Spirit   .   b - +0 animal skin
rPois   .          Reflect  .   (helmet unavailable)
rElec   .          Harm     .   e - +0 cloak
rCorr   .          Rampage  .   (no gloves)
Will    .....                   (no boots)
Stlth   +.........              (no amulet)
HPRegen 0.13/turn               (no ring)
MPRegen 0.08/turn               (no ring)

@: weak-willed
A: horns 3, retaliatory headbutt, no potion heal 1
a: Renounce Religion, Berserk, Trog's Hand


You were on level 2 of the Dungeon.
You worshipped Trog.
Trog was pleased with you.
You visited 1 branch of the dungeon, and saw 2 of its levels.

You collected 91 gold pieces.

Inventory:

Hand Weapons
 a - a +0 falchion (weapon)
Missiles
 c - a stone (quivered)
Armour
 b - a +0 animal skin (worn)
 e - a +0 cloak (worn)
Jewellery
 d - a ring of magical power


   Skills:
 + Level 4.4 Fighting
 + Level 5.1 Long Blades
 + Level 2.6 Armour
 + Level 3.0 Dodging
 + Level 0.3 Stealth


You had 3 spell levels left.
You didn't know any spells.
Your spell library contained the following spells:

 Spells                   Type           Power      Damage    Failure   Level
 Freeze                   Ice            0%         1d3       50%         1
 Magic Dart               Conj           0%         1d3       50%         1
 Searing Ray              Conj           0%         2d4       65%         2
 Frozen Ramparts          Ice            0%         1d1       86%         3
 Fulminant Prism          Conj/Hex       0%         3d6       99%         4
 Iskenderun's Battlesphe  Conj           0%         2d6       100%        5
 Metabolic Englaciation   Hex/Ice        0%         N/A       100%        5
 Iron Shot                Conj/Erth      0%         9d1       100%        6
 Spellforged Servitor     Conj/Summ      0%         N/A       100%        7


Dungeon Overview and Level Annotations

Branches:
Dungeon (2/15)

Altars:

Shops:
D:2 (

Annotations:
D:2 Terence


Innate Abilities, Weirdness & Mutations

You have a pair of large horns on your head.
You reflexively headbutt those who attack you in melee.
Potions are less effective at restoring your health.


Message History

Terence closely misses you. You furiously retaliate!
You headbutt Terence. You closely miss Terence.
Terence is moderately wounded.
A ball python comes into view.
The endoplasm jiggles.
Terence closely misses you.
The ball python hisses angrily.
You hit the endoplasm.
You headbutt the endoplasm, but do no damage.
The endoplasm is lightly wounded.
The endoplasm hits you but does no damage.
Terence hits you with a +0 falchion. The endoplasm freezes you.
You are frozen.
You hit the endoplasm.
The endoplasm is severely wounded.
The endoplasm freezes you.
You are frozen.
* * * LOW HITPOINT WARNING * * *
The endoplasm freezes you.
You are frozen.
* * * LOW HITPOINT WARNING * * *
Terence hits you with a +0 falchion.
* * * LOW HITPOINT WARNING * * *
Okay, then.
As you read the scroll labelled QOW SIRRIFUA, it crumbles to dust.
Magic quickly surges around you.
It was a scroll of vulnerability.
The endoplasm freezes you.
You are frozen.
* * * LOW HITPOINT WARNING * * *
Terence closely misses you.
The endoplasm hits you but does no damage.
You aren't carrying any potions.
You hit the endoplasm.
You kill the endoplasm!
Trog accepts your kill.
You can now call upon Trog for regeneration and willpower.
The endoplasm freezes you.
You are frozen.
You die...

.$........ ###........#
..........# #.......>.. #
#.......... . #.>S....... ##
####.J@....... .#######
#.....@....... ...#...#
##.###....$...# .#.#...###..#
##......## .#.#...##..##
######## .#.#.......##
........#...#################
.##...........^....#≈≈≈≈≈≈≈≈#
<##....##.##.#####.#≈≈≈..≈≈≈#
.##....#..##.#####.#≈≈##.#≈≈#


You could see Terence (weak-willed), an endoplasm (weak-willed) and a ball
python (weak-willed).

Vanquished Creatures
  A scorpion (D:2)
  An adder (D:2)
  A dart slug (D:2)
  2 endoplasms
  3 goblins (D:1)
  7 hobgoblins
  3 jackals (D:1)
  A quokka (D:1)
  2 ball pythons (D:2)
  2 bats
  A frilled lizard (D:2)
  A kobold (D:1)
  3 rats
28 creatures vanquished.

Notes
Turn   | Place    | Note
-------+----------+-------------------------------------------
     0 | D:1      | kyanize the Minotaur Berserker began the quest for the Orb.
     0 | D:1      | Reached XP level 1. HP: 19/19 MP: 0/0
   189 | D:1      | Reached skill level 4 in Long Blades
   189 | D:1      | Reached XP level 2. HP: 24/27 MP: 1/1
   586 | D:1      | You fall into a shaft and drop 1 floor!
   628 | D:2      | Got the Atlas of Snow
   637 | D:2      | Gained mutation: Potions are less effective at restoring
                  | your health. [potion of mutation]
   637 | D:2      | Gained mutation: You have a pair of large horns on your
                  | head. [potion of mutation]
   689 | D:2      | Reached XP level 3. HP: 22/33 MP: 2/2
   818 | D:2      | Found Iluneahor's Weapon Emporium.
  1177 | D:2      | Noticed a scorpion
  1182 | D:2      | Killed a scorpion
  1183 | D:2      | Reached skill level 5 in Long Blades
  1183 | D:2      | Reached XP level 4. HP: 35/41 MP: 3/3
  1183 | D:2      | Noticed Terence
  1197 | D:2      | Reached ** piety under Trog
  1197 | D:2      | Frozen to death by an endoplasm

Illustrated notes

Levels and vault maps discovered:
D:1:      minmay_arrival_wavy_path, layout_rooms, minmay_pentomino_w2
D:2:      layout_rooms, serial_shops, shop, kennysheep_generic_room_4,
          uniq_terence

Skill      XL: |  1  2  3 |
---------------+----------+-----
Long Blades    | 4 5 |  5.1
Fighting       | 4 |  4.4
Dodging        | 3 |  3.0
Armour         | |  2.6
Stealth        | |  0.3

Action                   |  1- 3 |  4- 6 || total
-------------------------+-------+-------++-------
Melee: Falchion          |    55 |     8 ||    63
       Headbutt          |     5 |     1 ||     6
       Punch             |     1 |       ||     1
  Use: Scroll            |     1 |     1 ||     2
       Potion            |     4 |       ||     4
Armor: Animal skin       |    11 |     2 ||    13
Dodge: Dodged            |    41 |     3 ||    44
